Map: 2000 Atmospheres LE

Players

LiquidClem (Clem) - Winner!

  • Race: Terran Terran

DPGZest (Zest)

  • Race: Protoss Protoss
  • League: Master

VOD

Have the link to the VOD?

Description

Time

  • Played on: Oct. 23, 2021, 1:08 p.m.
  • Length: 14:27
Show
View Real Time Build Order
Export as new Build Order

LiquidClem Terran - Winner!

Build Orders:  

Get SALT Encoding   

  12  0:00  SCV  
  13  0:12  SCV  
  14  0:17  Supply Depot  
  14  0:25  SCV  
  15  0:39  Barracks  
  15  0:48  Barracks  
  15  0:59  Supply Depot  
  15  1:10  Barracks  
  15  1:15  SCV  
  16  1:27  Marine  
  17  1:35  Marine  
  17  1:37  Orbital Command  
  18  1:44  Marine  
  19  1:54  Marine  
  19  1:58  Marine  
  19  2:00  Supply Depot  
  21  2:02  Marine  
  21  2:03  SCV  
  23  2:11  Refinery  
  23  2:12  Marine  
  23  2:15  SCV  
  25  2:17  Marine  
  25  2:22  Marine  
  27  2:29  SCV  
  28  2:30  Marine  
  28  2:35  Marine  
  30  2:40  Marine  
  30  2:41  SCV  
  32  2:47  Supply Depot  
  32  2:50  Barracks Tech Lab  
  32  2:53  SCV  
  33  2:58  Barracks Tech Lab  
  33  3:02  Bunker  
  33  3:07  Marine  
  33  3:09  SCV  
  34  3:19  Marauder  
  34  3:24  Marauder  
  35  3:29  Marine  
  35  3:33  SCV  
  37  3:40  Concussive Shells  
  38  3:42  Marauder  
  38  3:47  Marine  
  40  3:49  SCV  
  40  3:54  Supply Depot  
  43  3:55  Marauder  
  43  4:05  Marauder  
  43  4:06  Marine  
  46  4:10  Supply Depot  
  46  4:12  SCV  
  46  4:20  Marauder  
  48  4:24  SCV  
  46  4:32  Marine  
  46  4:33  Marauder  
  47  4:46  Marauder  
  49  4:57  Barracks Reactor  
  49  5:00  Command Center  
  49  5:08  SCV  
  49  5:13  Supply Depot  
  46  5:16  Bunker  
  46  5:20  Refinery, SCV  
  47  5:24  Factory  
  47  5:34  Marine x2  
  49  5:36  SCV  
  50  5:48  SCV  
  51  5:54  Marine x2  
  53  6:01  SCV, Marine  
  54  6:04  Marine  
  53  6:13  Marine, SCV  
  53  6:16  Orbital Command  
  52  6:19  Factory Tech Lab  
  52  6:22  Marine  
  52  6:25  SCV  
  50  6:27  Marine  
  50  6:29  Marine  
  51  6:37  SCV  
  51  6:38  Cyclone  
  55  6:41  Marine  
  55  6:43  SCV  
  55  6:45  Barracks Tech Lab  
  57  6:47  Barracks Tech Lab  
  57  6:50  SCV  
  57  6:52  Marine  
  58  6:58  SCV  
  55  7:02  SCV  
  55  7:05  Marine  
  53  7:10  SCV  
  53  7:11  Marine x2  
  53  7:12  Stimpack  
  53  7:15  SCV  
  57  7:20  Marine, Combat Shield  
  58  7:25  SCV  
  58  7:26  Siege Tank  
  58  7:28  SCV  
  63  7:33  Marine x2  
  65  7:38  Starport  
  65  7:39  SCV  
  65  7:40  SCV  
  65  7:41  Marine x2  
  69  7:49  Supply Depot  
  69  7:51  SCV  
  69  7:52  SCV  
  69  7:53  Marine  
  69  8:03  SCV  
  69  8:04  SCV  
  69  8:05  Marine, Siege Tank  
  75  8:14  Marine  
  75  8:16  SCV x2  
  75  8:18  Marine x2, Viking  
  82  8:23  Refinery  
  82  8:24  Engineering Bay  
  82  8:26  Marine  
  83  8:28  SCV  
  83  8:29  SCV  
  85  8:35  Supply Depot  
  85  8:37  Refinery  
  85  8:40  SCV, Siege Tank  
  85  8:41  SCV  
  90  8:45  Marine x2  
  90  8:47  Marauder  
  94  8:49  Starport Reactor  
  94  8:54  Supply Depot  
  94  8:56  SCV  
  94  8:57  SCV, Marauder  
  95  9:07  Marine, Terran Infantry Weapons Level 1, Supply Depot  
  95  9:08  Marine  
  95  9:09  Marauder  
  100  9:19  Command Center  
  100  9:24  Siege Tank  
  102  9:27  Marine x2  
  102  9:29  Medivac  
  106  9:34  Supply Depot  
  106  9:37  Missile Turret  
  106  9:38  Medivac  
  108  9:40  Marine  
  108  9:43  Marine  
  63  10:32  Barracks  
  63  10:33  Barracks  
  63  10:34  Barracks  
  63  10:37  Orbital Command  
  63  10:39  Supply Depot  
  63  10:40  Supply Depot x2  
  63  10:41  Supply Depot  
  63  11:22  Marine  
  63  11:24  Marine x2  
  23  11:40  Marine  
  22  11:48  Marine x2  
  24  12:02  Widow Mine  
  24  12:06  Marine  
  23  12:13  Orbital Command  
  23  12:14  Orbital Command  
  21  12:46  Orbital Command  
  21  12:49  Widow Mine  
  22  12:56  Liberator  
  25  13:03  Marine  
  25  13:05  Marine  
  27  13:14  Widow Mine  
  29  13:21  Marine  
  29  13:22  Marine  
  31  13:30  Marine  
  31  13:31  Marine x2  
  34  13:39  Marine, Orbital Command  
  34  13:40  Marine  
  36  13:43  SCV  
  37  13:48  Marine x2  
  37  13:49  Marine  
  37  13:55  SCV  
  32  13:57  Marine  
  32  14:01  Marine  
Show
View Real Time Build Order
Export as new Build Order

DPGZest Protoss 

Build Orders: 1 Gate Expand 

Get SALT Encoding   

  12  0:00  Probe  
  13  0:12  Probe  
  14  0:17  Pylon  
  14  0:24  Probe (Chrono Boost)  
  15  0:36  Gateway, Probe (Chrono Boost)  
  16  0:44  Probe (Chrono Boost)  
  16  0:45  Assimilator  
  17  0:51  Probe  
  18  1:03  Probe  
  19  1:15  Probe  
  20  1:24  Cybernetics Core  
  20  1:30  Nexus  
  20  1:33  Probe  
  21  1:41  Pylon  
  21  1:45  Probe  
  22  1:48  Assimilator  
  22  1:57  Adept (Chrono Boost), Probe  
  25  2:01  Warp Gate (Chrono Boost)  
  25  2:10  Probe  
  25  2:11  Pylon  
  26  2:17  Adept (Chrono Boost)  
  26  2:22  Probe  
  29  2:31  Gateway  
  29  2:34  Probe  
  30  2:40  Adept (Chrono Boost)  
  32  2:48  Shield Battery  
  32  2:50  Shield Battery  
  32  3:06  Adept (Chrono Boost)  
  32  3:34  Pylon  
  32  3:35  Robotics Facility  
  32  3:42  Stalker x2, Pylon  
  36  3:52  Pylon  
  36  4:05  Stalker x2  
  40  4:20  Immortal (Chrono Boost)  
  38  4:39  Stalker x2  
  42  4:51  Warp Prism  
  44  4:58  Probe  
  45  5:09  Sentry  
  45  5:10  Sentry  
  49  5:16  Nexus  
  49  5:20  Pylon  
  49  5:28  Robotics Bay  
  49  5:33  Pylon  
  49  5:40  Observer  
  50  5:44  Gateway  
  51  5:50  Probe  
  51  5:52  Sentry  
  53  6:17  Probe  
  50  6:24  Colossus (Chrono Boost)  
  48  6:29  Probe x2  
  56  6:34  Gateway  
  56  6:39  Shield Battery  
  56  6:43  Zealot, Sentry  
  56  6:44  Shield Battery  
  60  6:48  Pylon  
  60  7:03  Zealot  
  56  7:12  Zealot  
  56  7:13  Probe x2  
  60  7:17  Immortal (Chrono Boost)  
  60  7:22  Gravitic Drive  
  64  7:33  Assimilator  
  64  7:38  Twilight Council  
  64  7:39  Forge  
  64  7:45  Pylon  
  64  7:58  Immortal  
  68  8:04  Observer  
  68  8:08  Charge (Chrono Boost)  
  68  8:20  Gateway  
  68  8:23  Gateway  
  68  8:28  Gateway, Zealot x2  
  72  8:56  Warp Prism (Chrono Boost)  
  66  9:05  Zealot x3  
  72  9:10  Dark Shrine  
  71  9:21  Probe  
  72  9:28  Zealot x5  
  72  9:29  Zealot  
  83  9:58  Sentry x2  
  83  9:59  Zealot x2  
  63  10:41  Pylon  
  63  10:43  Nexus  
  63  11:00  Shield Battery  
  29  12:07  Gateway  
  29  12:15  Probe  
  30  12:27  Probe  
  31  12:39  Probe  
  32  12:51  Pylon  
  32  12:52  Probe (Chrono Boost)  
  33  13:04  Probe (Chrono Boost), Sentry  
  36  13:10  Probe (Chrono Boost)  
  37  13:15  Gateway  
  37  13:28  Sentry  
  37  13:29  Probe (Chrono Boost)  
  39  13:38  Probe (Chrono Boost)  
  40  13:43  Probe (Chrono Boost)  
  41  13:53  Sentry  
  25  14:03  Probe  
  25  14:11  Stalker  
  25  14:22  Stalker  
Tags
 
Add a new tag
Caveats
  • Supply blocks, unpowered buildings, or Contaminate may cause inaccurate times.
  • Supply counts are checked every 10 seconds.